 Dungeon Crawl Stone Soup version 0.31-a0-204-g7da18cac08 (webtiles) character file.

Game seed: 7241311414495074764

309 mobinator the Cleaver (level 6, -4/51 HPs)
             Began as a Hill Orc Monk on June 27, 2023.
             Was a Follower of Uskayaw.
             Slain by an orc
             ... wielding a +0 mace
              (5 damage)
             ... on level 4 of the Dungeon.
             The game lasted 00:15:44 (3228 turns).

mobinator the Cleaver (Hill Orc Monk)               Turns: 3228, Time: 00:15:44

Health: -4/51      AC:  4    Str: 16    XL:     6   Next: 41%
Magic:  6/6        EV: 12    Int: 10    God:    Uskayaw [*.....]
Gold:   124        SH:  0    Dex: 13    Spells: 5/5 levels left

rFire   x . .        a - +1 hand axe
rCold   + + .        d - orb {light}
rNeg    . . .        l - +0 leather armour {rC+}
rPois   .            o - +0 helmet
rElec   .            (no cloak)
rCorr   .            (no gloves)
SInv    .            (no boots)
Will    .....        (no amulet)
Stlth   +            s - ring of ice
HPRegen 0.28/turn    (no ring)
MPRegen 0.10/turn

%: no passive effects
@: glowing
A: no striking features
a: Renounce Religion, Convert to Beogh, Stomp


You were on level 4 of the Dungeon.
You worshipped Uskayaw.
Uskayaw was noncommittal.
You visited 1 branch of the dungeon, and saw 4 of its levels.

You collected 124 gold pieces.

Inventory:

Hand Weapons
 a - a +1 hand axe (weapon)
 v - a +4 whip
Missiles
 g - 5 boomerangs of dispersal
Armour
 b - a +0 robe
 d - an orb of light (worn)
 l - a +0 leather armour of cold resistance (worn)
 o - a +0 helmet (worn)
 t - a +0 ring mail of cold resistance
Jewellery
 f - a ring of fire
 s - a ring of ice (left hand)
Scrolls
 h - 2 scrolls of revelation
 j - 2 scrolls of teleportation
 m - a scroll of enchant weapon
Potions
 c - a potion of ambrosia
 e - a potion of curing {unknown}
 i - a potion of brilliance {unknown}
 k - a potion of attraction {unknown}
 n - a potion of mutation {unknown}
 p - a potion of haste {unknown}
 q - a potion of invisibility {unknown}
 r - a potion of heal wounds {unknown}
 u - a potion of lignification {unknown}


   Skills:
 - Level 3.6 Fighting
 * Level 9.2 Axes
 - Level 2.4 Dodging


You had 5 spell levels left.
You didn't know any spells.
Your spell library contained the following spells:

 Spells                   Type           Power      Damage    Failure   Level
 Ensorcelled Hibernation  Hex/Ice        0%         N/A       56%         2
 Spider Form              Tmut/Pois      0%         N/A       80%         3
 Vhi's Electric Charge    Tloc/Air       0%         N/A       80%         3
 Anguish                  Hex/Necr       0%         N/A       99%         4
 Summon Ice Beast         Ice/Summ       0%         N/A       99%         4
 Arcjolt                  Conj/Air       0%         1d10      100%        5
 Summon Mana Viper        Hex/Summ       0%         N/A       100%        5
 Plasma Beam              Fire/Air       0%         2x1d10    100%        6
 Monstrous Menagerie      Summ           0%         N/A       100%        7


Dungeon Overview and Level Annotations

Branches:
Dungeon (4/15)
 Temple: D:4-7

Altars:
Kikubaaqudgha
Uskayaw

Shops:
D:2 (


Message History

You can now pass through a line of other dancers.
You hit the gnoll.
You kill the gnoll!
You see here a +4 whip.
v - a +4 whip
Things that are here:
a +0 club; a +0 flail You see here a quokka corpse.
You start resting.
Magic restored.
You start resting.
HP restored.
An orc warrior, an orc and an orc priest come into view.
Found a twisted ivory ring.
The orc warrior shouts!
The orc shouts!
The orc priest shouts!
You hear a shout!
An orc comes into view. It is wielding a +0 mace.
The orc moves out of view.
You see here 10 gold pieces.
Okay, then.
Okay, then.
The orc priest looks encouraged for a moment.
The orc priest looks satisfied for a moment.
The orc priest mumbles some strange prayers to Beogh against you.
Beogh smites you!
The orc priest mumbles some strange prayers to Beogh against you.
Beogh smites you!
Okay, then.
You barely miss the orc. The orc hits you with a +0 mace.
The orc warrior hits you from afar with a +0 glaive.
You hit the orc.
The orc is severely wounded.
The orc hits you with a +0 mace. The orc warrior misses you.
You hit the orc.
The orc is almost dead.
The orc closely misses you.
The orc warrior hits you from afar with a +0 glaive!
* * * LOW HITPOINT WARNING * * *
The orc attacks as you move away! The orc hits you with a +0 mace.
You die...

#..........##.####.###.#
#.##.#...)†........# #.#
#.#.##..#.###.####.###.#
#.##.#........# #>....#
#.#.##..####### #######
#.......# # ####.##.# #
#....# ####@# #o# #o#
#o## #o.# ##.# #.# #$#
#.......#


You could see an orc warrior, an orc priest and 2 orcs.

Vanquished Creatures
  2 orc priests (D:4)
  2 orc wizards
  6 adders
  3 gnolls (D:4)
  2 worms (D:3)
  12 orcs
  7 ball pythons
  8 bats
  7 endoplasms
  4 giant cockroaches
  3 goblins (D:3)
  8 hobgoblins
  4 jackals
  12 kobolds
  8 quokkas
  3 frilled lizards
  9 rats
100 creatures vanquished.

Vanquished Creatures (others)
  A human (D:3)
1 creature vanquished.

Grand Total: 101 creatures vanquished

Notes
Turn   | Place    | Note
-------+----------+-------------------------------------------
     0 | D:1      | mobinator the Hill Orc Monk began the quest for the Orb.
     0 | D:1      | Reached XP level 1. HP: 19/19 MP: 1/1
    56 | D:1      | Reached XP level 2. HP: 22/26 MP: 2/2
    83 | D:1      | Reached skill level 5 in Axes
   264 | D:1      | Reached XP level 3. HP: 30/31 MP: 3/3
   923 | D:2      | Reached skill level 6 in Axes
  1020 | D:2      | Found a hide-covered altar of Uskayaw.
  1037 | D:2      | Became a worshipper of Uskayaw the Reveller
  1037 | D:2      | Reached * piety under Uskayaw
  1145 | D:2      | Found Cios's Weapon Shoppe.
  1607 | D:2      | Reached XP level 4. HP: 39/39 MP: 4/4
  2070 | D:3      | Reached skill level 7 in Axes
  2250 | D:3      | Reached ** piety under Uskayaw
  2253 | D:3      | Reached *** piety under Uskayaw
  2255 | D:3      | Reached XP level 5. HP: 20/45 MP: 1/5
  2365 | D:3      | Noticed an ice beast
  2366 | D:3      | Noticed an ogre
  2444 | D:3      | Found an ancient bone altar of Kikubaaqudgha.
  2446 | D:3      | Noticed a human
  2447 | D:3      | Killed a human
  2476 | D:3      | Reached skill level 8 in Axes
  2795 | D:4      | Reached XP level 6. HP: 37/51 MP: 2/6
  2973 | D:4      | Reached skill level 9 in Axes
  3215 | D:4      | Noticed an orc warrior
  3227 | D:4      | HP: 1/51 [orc warrior/+0 glaive (15)]
  3228 | D:4      | Slain by an orc

Illustrated notes

Levels and vault maps discovered:
D:1:      nagdon_arrival_zigzag_paths, layout_basic, minmay_pentomino_s4
D:2:      layout_basic, basic_altar, serial_shops, shop_statue,
          grunt_ministairs_14, nicolae_figureground_sparkle
D:3:      layout_basic, tgw_kikubaaqudgha, hangedman_feature_mirror,
          amcnicky_mini_pool_small, lightli_corner_chamber
D:4:      cheibrodos_old_hovel, layout_loops_cross,
          chequers_temple_overflow_minitemple, mainiacjoe_overflow_alcove_1,
          minmay_misc_feat_tiny, chequers_serial_rivers_micro_d

Skill      XL: |  1  2  3  4  5  6 |
---------------+-------------------+-----
Axes           | 5 6 7 8 9 |  9.2
Fighting       | |  3.6
Dodging        | |  2.4

Action                     |  1- 3 |  4- 6 || total
---------------------------+-------+-------++-------
  Melee: Hand axe          |   116 |   143 ||   259
 Invoke: Stomp             |       |     8 ||     8
         Line Pass         |       |     1 ||     1
    Use: Scroll            |       |     3 ||     3
   Stab: Paralysed         |       |     4 ||     4
         Confused          |       |     1 ||     1
 Armour: Robe              |    11 |       ||    11
         Leather armour    |    18 |    36 ||    54
  Dodge: Dodged            |    84 |    89 ||   173

Table legend: (Time is in decaauts)
 A = Elapsed time spent in this place.
 B = Non-inter-level travel time spent in this place.
 C = Inter-level travel time spent in this place.
 D = Time resting spent in this place.
 E = Time spent auto-exploring this place.
 F = Levels seen in this place.
 G = Mean time per level.
                   A        B        C        D        E       F      G
               +--------+--------+--------+--------+--------+-----+--------+
         Total |   3215 |   3048 |    167 |    594 |   1401 |   4 |  803.8 |
       Dungeon |   3215 |   3048 |    167 |    594 |   1401 |   4 |  803.8 |
               +--------+--------+--------+--------+--------+-----+--------+

Top non-repeatable levels by time:
     D:3: 984 daAuts
     D:2: 946 daAuts
     D:1: 793 daAuts
     D:4: 491 daAuts
